 Dungeon Crawl Stone Soup version 0.28-a0-792-g75f770b44e (webtiles) character file.

Game seed: 5268411804547506653

172 Lemonice the Sneak (level 5, 0/35 HPs)
             Began as an Octopode Earth Elementalist on Nov 3, 2021.
             Killed from afar by Blork the orc (10 damage)
             ... with a puff of frost
             ... on level 4 of the Dungeon.
             The game lasted 00:05:01 (4690 turns).

Lemonice the Sneak (Octopode Earth Elementalist)    Turns: 4690, Time: 00:05:01

Health: 0/35       AC:  1    Str:  9    XL:     5   Next: 52%
Magic:  8/8        EV: 13    Int: 17    God:
Gold:   143        SH:  0    Dex: 12    Spells: 7/8 levels left

rFire   . . .      SeeInvis .   a - +0 dagger
rCold   . . .      Faith    .   (no shield)
rNeg    . . .      Spirit   .   (helmet restricted)
rPois   .          Reflect  .   (no amulet)
rElec   .          Harm     .   (no ring)
rCorr   .          Rampage  .   (no ring)
Will    .....                   (no ring)
Stlth   +++.......              (no ring)
HPRegen 0.11/turn               (no ring)
MPRegen 0.11/turn               (no ring)
                                (no ring)
                                (no ring)

@: no status effects
A: almost no armour, amphibious, 8 rings, camouflage 1, gelatinous body 1,
(nimble swimmer 1), tentacles
a: no special abilities


You were on level 4 of the Dungeon.
You visited 1 branch of the dungeon, and saw 4 of its levels.

You collected 143 gold pieces.

Inventory:

Hand Weapons
 a - a +0 dagger (weapon)
Missiles
 b - 80 stones
Scrolls
 c - a scroll of vulnerability {unknown}
 d - 3 scrolls of teleportation {unknown}
 e - a scroll of amnesia {unknown}
 g - 5 scrolls of identify {unknown}
 h - 2 scrolls of enchant armour {unknown}
 j - a scroll of fog {unknown}
 k - a scroll of magic mapping {unknown}
Potions
 f - a potion of heal wounds {unknown}
 i - a potion of lignification {unknown}


   Skills:
 * Level 2.5 Fighting
 * Level 2.2 Short Blades
 * Level 3.3 Dodging
 + Level 4.0 Stealth
 - Level 2.0 Spellcasting
 - Level 1.0 Transmutations
 - Level 3.0 Earth Magic


You had 7 spell levels left.
You knew the following spells:

 Your Spells              Type           Power      Damage    Failure   Level
a - Sandblast             Erth           22%        2d7       5%          1

Your spell library contained the following spells:

 Spells                   Type           Power      Damage    Failure   Level
 Passwall                 Tmut/Erth      6%         N/A       13%         2
 Static Discharge         Conj/Air       1%         N/A       28%         2
 Stone Arrow              Conj/Erth      12%        3d7       30%         3
 Petrify                  Tmut/Erth      8%         N/A       63%         4
 Lightning Bolt           Conj/Air       0%         1d11      99%         5
 Maxwell's Capacitive Co  Air            0%         ∞         100%        8


Dungeon Overview and Level Annotations

Branches:
Dungeon (4/15)
 Temple: D:4-7

Altars:
Makhleb

Annotations:
D:4 Blork the orc


Innate Abilities, Weirdness & Mutations

You cannot wear most types of armour.
You are amphibious.
You can wear up to eight rings at the same time.
Your skin changes colour to match your surroundings (Stealth+).
Your rubbery body absorbs attacks. (AC +1, EV +1)
((You are camouflaged near water. (Stealth+)))
You have tentacles for arms and can constrict up to eight enemies at once.


Message History

Partly explored, can't reach some items and places.
(D) Dungeon
Where to? (Enter - D:3, ? - help)
What level of the Dungeon? (default 1, ? - help)
There is a stone staircase leading down here.
You climb downwards.
The ogre shouts!
Found a buckler.
There is a stone staircase leading up here.
An ogre is nearby!
You climb upwards.
There is a stone staircase leading down here.
There is a stone staircase leading down here.
You climb downwards.
There is a stone staircase leading up here.
You pick up a book of Lightning and begin reading...
You add the spells Static Discharge, Lightning Bolt and Maxwell's Capacitive Coupling to your library.
Blork the orc comes into view.
He is wielding a +0 dire flail.
The helpless Blork the orc fails to defend himself.
You puncture Blork the orc! Your grab misses Blork the orc.
Blork the orc is heavily wounded.
Blork the orc hits you with a +0 dire flail!
You hit Blork the orc but do no damage. Your grab misses Blork the orc.
You squeeze Blork the orc.
Blork the orc is severely wounded.
Blork the orc hits you with a +0 dire flail!
* * * LOW HITPOINT WARNING * * *
You hit Blork the orc but do no damage. Your grab misses Blork the orc.
Blork the orc is severely wounded.
Blork the orc closely misses you.
You hit Blork the orc but do no damage. Your grab misses Blork the orc.
You squeeze Blork the orc.
Blork the orc is severely wounded.
Blork the orc barely misses you.
You hit Blork the orc but do no damage. Your grab misses Blork the orc.
You squeeze Blork the orc.
Blork the orc is severely wounded.
Blork the orc gestures at you while chanting.
The puff of frost hits you!
You die...

.# ####### .#
#.....###.#
#.###.....# #.#
#..$..# #######.#
#.....#
#.......###.....#
#.........#.@..?#
#<......#.#..o..#
#.........#.....#
#.......#####...#
#.#.##### ...#
#.#.# ...# #.#.#
...# #.#.# ...#
#...#


You could see Blork the orc.

Vanquished Creatures
  Natasha (twice) (D:2)
  2 adders (D:2)
  A gnoll (D:1)
  9 dart slugs
  A worm (D:2)
  2 orcs (D:3)
  7 ball pythons
  7 bats
  3 endoplasms
  2 giant cockroaches
  7 goblins
  8 hobgoblins
  5 jackals
  3 quokkas
  2 frilled lizards (D:3)
  3 kobolds
  4 rats
68 creatures vanquished.

Vanquished Creatures (others)
  A quokka (D:3)
  A frilled lizard (D:3)
  3 plants (D:4)
5 creatures vanquished.

Grand Total: 73 creatures vanquished

Notes
Turn   | Place    | Note
-------+----------+-------------------------------------------
     0 | D:1      | Lemonice the Octopode Earth Elementalist began the quest
                  | for the Orb.
     0 | D:1      | Reached XP level 1. HP: 11/11 MP: 3/3
   225 | D:1      | Reached XP level 2. HP: 7/18 MP: 5/5
   227 | D:1      | Reached skill level 1 in Fighting
   227 | D:1      | Reached skill level 3 in Stealth
   645 | D:1      | Reached XP level 3. HP: 12/23 MP: 6/6
  1320 | D:1      | Reached skill level 1 in Short Blades
  1762 | D:2      | Noticed Natasha
  1775 | D:2      | Killed Natasha
  1776 | D:2      | Reached XP level 4. HP: 17/29 MP: 7/7
  2710 | D:2      | Noticed Natasha
  2726 | D:2      | Killed Natasha
  2727 | D:2      | Reached XP level 5. HP: 3/34 MP: 8/8
  4051 | D:3      | Found a burning altar of Makhleb.
  4051 | D:3      | Noticed a cacodemon
  4054 | D:3      | Noticed an orange demon
  4054 | D:3      | Noticed a neqoxec
  4383 | D:3      | Reached skill level 4 in Stealth
  4605 | D:4      | Noticed an ogre
  4680 | D:4      | Noticed Blork the orc
  4690 | D:4      | Killed from afar by Blork the orc

Illustrated notes

Levels and vault maps discovered:
D:1:      amcnicky_arrival_single_pillar, layout_loops_ring
D:2:      layout_basic, uniq_natasha
D:3:      kennysheep_slugbush, layout_basic, makhleb_altar_promises_db,
          minmay_misc_feat_nine_boxes, grunt_ministairs_9,
          grunt_decor_mini_mirrors, kennysheep_small_spiral, lemuel_flame_loot_1
D:4:      layout_basic, minmay_temple_entry_gardened_gates, uniq_blork_the_orc

Skill      XL: |  1  2  3  4  5 |
---------------+----------------+-----
Fighting       | 1 2 |  2.5
Stealth        | 3 4 |  4.0
Short Blades   | 1 2 |  2.2
Dodging        | 3 |  3.3
Spellcasting   | |  2.0
Transmutations | |  1.0
Earth Magic    | |  3.0

Action                   |  1- 3 |  4- 6 || total
-------------------------+-------+-------++-------
Melee: Unarmed           |    18 |       ||    18
       Tentacles         |    17 |    26 ||    43
       Constrict         |    16 |    28 ||    44
       Dagger            |    53 |   131 ||   184
 Stab: Sleeping          |     9 |    10 ||    19
Armor: Skin              |     8 |    13 ||    21
Dodge: Dodged            |    35 |    89 ||   124

Table legend: (Time is in decaauts)
 A = Elapsed time spent in this place.
 B = Non-inter-level travel time spent in this place.
 C = Inter-level travel time spent in this place.
 D = Time resting spent in this place.
 E = Time spent auto-exploring this place.
 F = Levels seen in this place.
 G = Mean time per level.
                   A        B        C        D        E       F      G
               +--------+--------+--------+--------+--------+-----+--------+
         Total |   4677 |   4563 |    114 |      0 |   3922 |   4 | 1169.2 |
       Dungeon |   4677 |   4563 |    114 |      0 |   3922 |   4 | 1169.2 |
               +--------+--------+--------+--------+--------+-----+--------+

Top non-repeatable levels by time:
     D:2: 1669 daAuts
     D:3: 1570 daAuts
     D:1: 1406 daAuts
     D:4: 29 daAuts
